Map: Ascension to Aiur LE

Players

Xantar - Winner!

  • Race: Protoss Protoss
  • League: Gold
  • Spawn Location: 11:00

Yata

  • Race: Zerg Zerg
  • League: Bronze
  • Spawn Location: 5:00

VOD

Have the link to the VOD?

Description

Time

  • Played on: July 7, 2017, 7:09 p.m.
  • Length: 12:30
Show
View Real Time Build Order
Export as new Build Order

Xantar Protoss - Winner!

Build Orders: 1 Gate Expand 

Get SALT Encoding   

  12  0:02  Probe (Chrono Boost)  
  13  0:13  Probe (Chrono Boost)  
  14  0:29  Probe (Chrono Boost)  
  14  0:34  Pylon  
  15  0:52  Probe (Chrono Boost)  
  15  0:53  Gateway  
  15  0:55  Gateway  
  16  1:04  Probe (Chrono Boost)  
  17  1:15  Probe (Chrono Boost)  
  17  1:17  Assimilator  
  18  1:30  Probe (Chrono Boost)  
  19  1:40  Nexus  
  19  1:41  Probe (Chrono Boost)  
  19  1:45  Zealot  
  22  1:53  Probe (Chrono Boost)  
  23  2:08  Cybernetics Core  
  23  2:21  Pylon  
  23  2:39  Zealot, Probe (Chrono Boost)  
  23  2:43  Assimilator  
  27  3:02  Warp Gate  
  27  3:04  Probe (Chrono Boost)  
  27  3:08  Probe (Chrono Boost)  
  27  3:14  Probe (Chrono Boost)  
  28  3:22  Probe (Chrono Boost)  
  29  3:27  Probe (Chrono Boost)  
  33  3:37  Mothership Core (Chrono Boost)  
  33  3:38  Probe (Chrono Boost)  
  33  3:39  Assimilator  
  33  3:51  Stalker  
  33  3:53  Zealot  
  37  4:00  Gateway  
  37  4:01  Nexus  
  37  4:03  Pylon, Gateway  
  37  4:22  Probe (Chrono Boost)  
  37  4:23  Probe (Chrono Boost)  
  39  4:33  Probe (Chrono Boost)  
  40  4:42  Probe (Chrono Boost)  
  40  4:44  Pylon  
  41  4:47  Forge  
  41  4:57  Probe (Chrono Boost)  
  41  4:58  Probe (Chrono Boost)  
  43  5:08  Probe (Chrono Boost)  
  44  5:23  Stalker  
  44  5:24  Stalker  
  44  5:25  Zealot x2  
  52  5:35  Probe x2 (Chrono Boost)  
  52  5:38  Protoss Ground Weapons Level 1 (Chrono Boost)  
  52  5:41  Twilight Council  
  52  5:51  Probe x3 (Chrono Boost)  
  52  5:54  Robotics Facility  
  52  5:55  Robotics Facility, Assimilator  
  55  5:57  Stalker x2  
  55  5:59  Zealot x2  
  55  6:02  Pylon  
  64  6:04  Probe x3 (Chrono Boost)  
  66  6:30  Charge  
  66  6:40  Gateway x2  
  66  6:41  Probe x3 (Chrono Boost)  
  66  6:44  Stalker  
  66  6:45  Pylon, Stalker x2  
  75  6:48  Pylon  
  75  7:01  Observer, Warp Prism  
  75  7:07  Stalker  
  80  7:24  Probe x2  
  80  7:26  Probe  
  80  7:27  Stalker x3  
  89  7:35  Protoss Ground Weapons Level 2 (Chrono Boost)  
  89  7:53  Zealot x4  
  79  8:21  Stalker  
  79  8:22  Stalker x3  
  79  8:26  Immortal x2 (Chrono Boost)  
  95  8:42  Probe  
  95  8:43  Probe x2  
  98  8:49  Photon Cannon  
  98  8:51  Photon Cannon  
  98  8:55  Photon Cannon  
  98  8:58  Gateway  
  98  9:00  Gateway  
  98  9:02  Gateway  
  87  9:18  Immortal (Chrono Boost)  
  87  9:19  Immortal (Chrono Boost)  
  95  9:38  Dark Shrine, Cybernetics Core  
  95  9:43  Zealot x2  
  95  9:44  Zealot  
  101  9:50  Pylon  
  101  10:02  Nexus  
  101  10:05  Pylon  
  101  10:07  Assimilator  
  101  10:11  Assimilator  
  95  10:18  Probe  
  95  10:19  Probe x2  
  102  10:28  Immortal (Chrono Boost)  
  102  10:30  Warp Prism (Chrono Boost)  
  104  10:35  Probe  
  104  10:36  Probe  
  104  10:37  Probe  
  104  10:41  Zealot x5  
  117  10:46  Pylon  
  117  10:47  Pylon  
  117  10:52  Pylon  
  117  10:55  Pylon  
  117  11:17  Stalker x2  
  119  11:18  Stalker x2  
  119  11:19  Stalker x2  
  119  11:20  Stalker x3  
  124  12:06  Dark Templar  
  124  12:07  Dark Templar x2  
  130  12:11  Zealot x4  
  130  12:12  Zealot x2  
Show
View Real Time Build Order
Export as new Build Order

Yata Zerg 

Build Orders: Hatch First 

Get SALT Encoding   

  12  0:02  Drone  
  13  0:12  Overlord  
  13  0:20  Drone  
  14  0:31  Drone  
  14  0:33  Drone  
  14  0:35  Drone  
  17  0:47  Drone  
  18  0:57  Hatchery  
  18  1:02  Drone  
  18  1:06  Extractor  
  17  1:17  Spawning Pool  
  16  1:20  Drone  
  16  1:23  Drone  
  18  1:35  Drone  
  19  1:52  Drone x2  
  21  2:09  Metabolic Boost  
  21  2:17  Drone x3  
  21  2:19  Queen  
  21  2:20  Queen  
  28  2:27  Roach Warren  
  27  2:36  Drone  
  28  2:40  Overlord  
  28  3:19  Extractor, Queen  
  29  3:33  Roach x2  
  29  3:34  Roach  
  35  3:51  Lair  
  35  3:54  Pneumatized Carapace  
  35  4:09  Overlord x3  
  35  4:29  Extractor  
  35  4:31  Drone x6  
  35  4:32  Drone  
  41  4:53  Hydralisk Den  
  41  4:57  Overlord x2  
  40  5:07  Evolution Chamber  
  39  5:16  Drone x3  
  39  5:17  Drone x3  
  45  5:23  Hatchery  
  44  5:37  Overseer  
  44  5:43  Zerg Missile Weapons Level 1  
  44  5:45  Hydralisk x7  
  58  6:16  Muscular Augments  
  58  6:31  Drone x2  
  60  6:33  Overlord x3  
  60  6:34  Overlord x4  
  60  6:43  Hydralisk x3  
  66  6:56  Overseer  
  66  6:57  Overseer  
  66  7:08  Queen  
  66  7:10  Drone x2  
  66  7:11  Drone x6  
  66  7:12  Drone  
  66  7:13  Hydralisk  
  66  7:14  Hydralisk  
  81  7:39  Drone x3  
  81  7:40  Drone x7  
  91  7:55  Zerg Missile Weapons Level 2  
  85  8:11  Drone x3  
  85  8:12  Drone x3  
  85  8:39  Drone  
  85  8:40  Drone x6  
  85  8:41  Drone  
  92  9:03  Zergling x2  
  92  9:04  Zergling x10  
  92  9:10  Overlord x4  
  92  9:11  Overlord  
  80  9:18  Roach  
  80  9:19  Roach x6  
  94  9:34  Roach x4  
  102  9:48  Hydralisk x4  
  99  10:11  Zerg Ground Armor Level 1  
  95  10:32  Roach x6, Hydralisk  
  109  10:42  Zergling x2  
  110  10:43  Zergling x18  
  119  11:28  Hydralisk x4  
  127  11:34  Overlord x3  
  72  12:08  Infestation Pit  
Tags
 
Add a new tag
Caveats
  • Supply blocks, unpowered buildings, or Contaminate may cause inaccurate times.
  • Supply counts are checked every 10 seconds.